 Dungeon Crawl Stone Soup version 0.30-a0-639-g3916f1956a (webtiles) character file.

Game seed: 11861776696289500343

199986 ParallaxScroll the Impaler (level 18, -16/129 (143) HPs)
             Began as a Merfolk Transmuter on Jan 13, 2023.
             Was the Champion of Dithmenos.
             Killed from afar by a jorogumo (33 damage)
             ... with a bolt of negative energy
             ... on level 4 of the Spider Nest on Jan 16, 2023.
             The game lasted 10:14:33 (53392 turns).

ParallaxScroll the Impaler (Merfolk Transmuter)    Turns: 53392, Time: 10:14:34

HP:   -16/129 (143) AC: 21    Str: 15    XL:     18   Next: 49%
MP:   12/24         EV: 19    Int: 15    God:    Dithmenos [******]
Gold: 1328          SH:  8    Dex: 15    Spells: 6/25 levels left

rFire   . . .      SeeInvis .    a - +4 demon trident (freeze)
rCold   . . .      Faith    .    D - +2 buckler
rNeg    . . .      Spirit   .    j - +0 acid dragon scales
rPois   +          Reflect  .    F - +1 hat
rElec   .          Harm     .    g - +2 cloak
rCorr   +          Rampage  .    k - +2 pair of gloves
Will    +....                    W - +1 pair of boots
Stlth   ++++                     V - amulet of the acrobat
HPRegen 0.41/turn                v - ring of poison resistance
MPRegen 0.19/turn                K - +4 ring of protection

@: wreathed by umbra, drained, invisible
A: (nimble swimmer 2), mertail
}: 1/15 runes: barnacled
a: Renounce Religion, Shadow Step, Shadow Form


You were on level 4 of the Spider Nest.
You worshipped Dithmenos.
Dithmenos was exalted by your worship.
You visited 5 branches of the dungeon, and saw 30 of its levels.

You collected 4887 gold pieces.
You spent 3559 gold pieces at shops.

Inventory:

Hand Weapons
 a - a +4 demon trident of freezing (weapon)
 b - the +6 whip of Integrity {flame, *Noise rElec rPois rF+++}
   (You found it on level 9 of the Dungeon)

   rF:        It renders you almost immune to fire.
   rElec:     It insulates you from electricity.
   rPois:     It protects you from poison.
   *Noise:    It may make noises in combat.
Missiles
 h - 20 boomerangs (quivered)
 o - 11 poisoned darts
 O - 22 javelins
 Q - a silver boomerang
 R - 2 silver javelins
Armour
 g - a +2 cloak (worn)
 j - +0 acid dragon scales (worn)
 k - a +2 pair of gloves (worn)
 D - a +2 buckler (worn)
 F - a +1 hat (worn)
 W - a +1 pair of boots (worn)
Jewellery
 c - a ring of willpower
 e - a ring of see invisible
 v - a ring of poison resistance (left hand)
 y - a ring of protection from fire
 B - a ring of positive energy
 K - a +4 ring of protection (right hand)
 T - a ring of protection from cold
 V - an amulet of the acrobat (around neck)
Wands
 p - a wand of roots (5)
 s - a wand of mindburst (19)
 N - a wand of quicksilver (2)
 X - a wand of charming (10)
 Y - a wand of digging (3)
Scrolls
 l - 3 scrolls of fog
 n - 5 scrolls of vulnerability
 q - a scroll of silence
 t - 7 scrolls of magic mapping
 C - 3 scrolls of fear
 E - 7 scrolls of blinking
 G - 5 scrolls of immolation
 I - 3 scrolls of butterflies
 L - 10 scrolls of teleportation
 Z - 4 scrolls of poison
Potions
 f - 6 potions of resistance
 i - 6 potions of attraction
 u - 12 potions of curing
 w - 3 potions of ambrosia
 x - 5 potions of brilliance
 A - 4 potions of magic
 H - 2 potions of flight
 J - a potion of berserk rage
 M - a potion of invisibility
 S - 2 potions of cancellation
 U - 2 potions of heal wounds
Miscellaneous
 d - a phantom mirror (inert)
 m - a lightning rod (4/4)
 r - a condenser vane (inert)
 P - a tin of tremorstones (2/2)


   Skills:
 - Level 13.0 Fighting
 - Level 3.9(7.9) Axes
 - Level 2.0(3.2) Maces & Flails
 - Level 15.9(16.3) Polearms
 - Level 0.8 Ranged Weapons
 - Level 9.0 Throwing
 - Level 6.4 Armour
 + Level 15.9 Dodging
 - Level 4.0 Stealth
 - Level 7.0 Shields
 - Level 5.0 Unarmed Combat
 - Level 4.2 Spellcasting
 - Level 5.0 Conjurations
 - Level 6.0 Translocations
 - Level 11.0 Transmutations
 - Level 4.0 Fire Magic
 - Level 4.0 Air Magic
 - Level 11.0 Poison Magic
 - Level 9.0 Invocations
 - Level 8.0 Evocations


You had 6 spell levels left.
You knew the following spells:

 Your Spells              Type           Power      Damage    Failure   Level
a - Beastly Appendage     Tmut           72%        N/A       1%          1
b - Wereblood             Tmut           36%        N/A       1%          2
c - Spider Form           Tmut/Pois      36%        N/A       1%          3
d - Ignite Poison         Fire/Tmut/Pois 29%        N/A       2%          3
e - Blink                 Tloc           42%        N/A       3%          2
f - Olgreb's Toxic Radia  Pois           36%        N/A       3%          4
g - Mephitic Cloud        Conj/Pois/Air  23%        N/A       6%          3
h - Foxfire               Conj/Fire      64%        2x1d7     4%          1

Your spell library contained the following spells:

 Spells                   Type           Power      Damage    Failure   Level
 Sting                    Tmut/Pois      100%       1d8       1%          1
 Poisonous Vapours        Pois/Air       50%        N/A       1%          2
 Apportation              Tloc           42%        N/A       2%          1
 Lesser Beckoning         Tloc           42%        N/A       3%          2
 Shock                    Conj/Air       64%        1d7       4%          1
 Momentum Strike          Conj/Tloc      38%        3d9       4%          2
 Cigotuvi's Dreadful Rot  Necr/Pois/Air  36%        N/A       6%          2
 Scorch                   Fire           30%        2d6       9%          2
 Alistair's Intoxication  Tmut/Pois      24%        N/A       9%          5
 Kindle Blastsparks       Fire/Tloc/Air  34%        2d12      13%         3
 Swiftness                Air            15%        N/A       17%         3
 Ice Form                 Ice/Tmut       19%        N/A       30%         4
 Eringya's Noxious Bog    Tmut/Pois      18%        N/A       45%         6
 Airstrike                Air            7%         2d(2-18)  50%         4
 Fireball                 Conj/Fire      8%         3d6       78%         5
 Freezing Cloud           Conj/Ice/Air   6%         6-21      94%         5
 Summon Forest            Summ/Tloc      6%         N/A       94%         5
 Anguish                  Hex/Necr       1%         N/A       96%         4
 Leda's Liquefaction      Hex/Erth       1%         N/A       96%         4
 Statue Form              Tmut/Erth      12%        N/A       99%         6
 Lee's Rapid Deconstruct  Erth           1%         3d4*      100%        5
 Starburst                Conj/Fire      8%         6d4       100%        6
 Enfeeble                 Hex            1%         N/A       100%        7
 Summon Hydra             Summ           1%         N/A       100%        7


Dungeon Overview and Level Annotations

Branches:
Dungeon (15/15)            Temple (0/1) D:6            Lair (5/5) D:9
 Shoals (4/4) Lair:3       Spider (4/4) Lair:2        Slime (0/5) Lair:5
    Orc (2/2) D:12            Elf (0/3) Orc:2        Vaults (0/5) D:13
 Depths (0/4) D:15

Altars:
Cheibriados
Dithmenos
Fedhas
Ru
Sif Muna

Shops:
D:1 [*?*   D:6 (   D:10 !   D:13 :   Orc:2 (==?**   Shoals:3 (

Annotations:
D:14 Louise
Lair:4 ghost, exclusions: player ghost and 1 more exclusion, bmack86's ghost, journeyman MiFi
Shoals:3 exclusion: kraken


Innate Abilities, Weirdness & Mutations

((You are very nimble when in or above water. (Stealth+, EV+, Speed+++)))
Your lower body shifts to a powerful aquatic tail in water.


Message History

The jorogumo casts a spell at you. You block the stream of webbing.
The culicivora's many legs skitter faintly.
The orb spider's many legs skitter faintly.
The culicivora's many legs skitter faintly.
You hit the tarantella. You freeze the tarantella.
The tarantella is almost dead.
The orb spider's many legs skitter faintly.
The culicivora is engulfed in blazing flames.
The culicivora barely misses itself.
You completely miss the tarantella.
The tarantella is almost dead.
You block the tarantella's attack.
You barely miss the tarantella.
The tarantella is almost dead.
Your shadow hits the tarantella but does no damage.
Your primal bloodlust has ended.
You hear an angry buzzing noise.
A culicivora comes into view.
The culicivora is engulfed in blazing flames.
A wolf spider comes into view.
The culicivora is engulfed in blazing flames.
The culicivora bites itself!
The culicivora is killed!
Dithmenos accepts your kill.
A tarantella comes into view.
You hear the crackling of a very distant melting archway.
The jorogumo casts a spell at you.
The stream of webbing hits you but does no damage.
You are caught in a web!
The tarantella's many legs skitter faintly.
There is a web here.
The web tears apart.
The jorogumo casts a spell at you. The bolt of negative energy hits you!!
You feel drained.
* * * LOW HITPOINT WARNING * * *
There is a stone staircase leading up, spattered with blood here.
The jorogumo casts a spell at you. The bolt of negative energy hits you!!
You feel drained.
You die...

*### ######..###
#^#.......## ##....#.^...##
#.....^^.....#
####............#*
#...^$...........*
###^..@...........*
##....†..[[.....^^.*
#......H........###*
##..........s####*******
##..........##****,,,,,,
##*#...#.s^.^.##,,,,,,,,,,,
#.##.....^...##,,,,,,,***,*
##...(.#.^...##,,,**,,,,,***
#.......|....#,,,**,,,,^,,,,


You could see a jorogumo and 2 tarantellas.

Vanquished Creatures
  Nikola (Shoals:2)
  Arachne (Spider:4)
  Rupert (Spider:1)
  Mlioglotl (Shoals:4)
  Frances (Shoals:2)
  Kirke (Spider:1)
  A frost giant (Shoals:4)
  3 emperor scorpions
  A dire elephant (D:15)
  Snorg (D:11)
  4 merfolk javelineers
  11 merfolk impalers
  Josephine (D:11)
  3 entropy weavers
  2 ogre magi
  6 hydras
  A catoblepas (Lair:5)
  7 centaur warriors
  2 alligator snapping turtles (Shoals:4)
  3 radroaches
  4 merfolk avatars
  2 satyrs (Shoals:4)
  6 boulder beetles
  6 merfolk aquamancers
  14 two-headed ogres
  3 tengu warriors
  4 death yaks
  3 orc high priests (Orc:2)
  Lodul (D:11)
  5 pharaoh ants
  12 sea snakes
  4 orb spiders
  A steelbarb worm (Spider:3)
  4 orc knights (Orc:2)
  A wizard (D:14)
  6 deep elf pyromancers
  9 harpies
  10 fauns (Shoals:1)
  3 deep elf zephyrmancers (Orc:1)
  12 wolf spiders
  6 ugly things
  17 manticores
  4 orc sorcerers (Orc:2)
  A salamander (D:15)
  11 cyclopes
  5 moths of wrath
  6 elephants
  8 merfolk sirens
  2 torpor snails (Spider:2)
  9 water nymphs
  2 gargoyles
  4 black mambas
  7 demonic crawlers
  14 cane toads
  An eye of devastation (Lair:5)
  Joseph (D:9)
  8 rime drakes
  2 efreet
  A komodo dragon (shapeshifter) (D:15)
  5 komodo dragons
  2 kobold demonologists (D:11)
  25 merfolk
  6 meliai
  7 trolls
  14 wind drakes
  The ghost of Iich the Trooper, an amateur DsFi (D:3)
  6 polar bears
  Prince Ribbit (D:7)
  12 tarantellas
  6 hornets
  10 slime creatures
  7 blink frogs
  32 jumping spiders
  7 snapping turtles
  16 dream sheep
  A shadow (D:11)
  5 wraiths
  11 water elementals
  13 spriggans
  Sigmund (D:6)
  10 culicivoras
  A vampire (D:13)
  6 wyverns
  52 yaks
  2 humans (Spider:1)
  A hog (Spider:1)
  5 vampire mosquitoes
  22 redbacks
  3 basilisks
  2 wargs
  A hydra simulacrum (Lair:5)
  16 water moccasins
  Duvessa (D:7)
  4 acid dragons
  A floating eye (Lair:5)
  20 orc warriors
  6 ice beasts
  A sky beast (D:7)
  4 black bears
  10 centaurs
  4 boggarts (Lair:5)
  11 ogres
  34 wolves
  A phantom (D:6)
  3 kobold brigands
  13 bullfrogs
  Blork the orc (D:6)
  2 gnoll sergeants
  5 scorpions
  2 cane toad simulacra (Lair:5)
  8 wights
  Dowan (D:7)
  A lindwurm simulacrum (Lair:5)
  A howler monkey (D:11)
  An electric eel (Lair:5)
  A torpor snail simulacrum (Lair:5)
  A crimson imp (D:14)
  A bullfrog zombie (D:3)
  A fire crab simulacrum (Lair:5)
  2 komodo dragon simulacra (Lair:5)
  2 hounds (D:7)
  6 jellies
  13 orc priests
  3 gnoll boudas
  An iguana (D:6)
  22 orc wizards
  17 gnolls
  A howler monkey zombie (D:3)
  7 adders
  A howler monkey skeleton (D:3)
  2 shadow imps (D:7)
  3 white imps
  An ufetubus (D:5)
  3 worms
  A dart slug (D:4)
  67 orcs
  7 ball pythons
  19 endoplasms
  2 giant cockroaches
  8 goblins
  6 hobgoblins
  2 jackals (D:3)
  21 kobolds
  2 quokkas
  7 bats
  2 frilled lizards (D:1)
  6 rats
  A bush (Lair:3)
  2 butterflies (Lair:1)
  A fungus (Lair:3)
957 creatures vanquished.

Vanquished Creatures (collateral kills)
  An ettin (Orc:1)
  A merfolk javelineer (Shoals:4)
  An entropy weaver (Spider:4)
  A merfolk avatar (Shoals:4)
  A two-headed ogre (D:11)
  A wolf spider (Spider:4)
  2 ugly things (D:14)
  A moth of wrath (Spider:4)
  A polar bear (Lair:5)
  2 merfolk
  A jumping spider (Spider:1)
  A culicivora (Spider:4)
14 creatures vanquished.

Vanquished Creatures (others)
  A deep elf zephyrmancer (Orc:1)
  A cyclops (Shoals:4)
  2 hornets (Lair:5)
  A wyvern (Lair:5)
  A redback (Spider:1)
  2 ogres (D:11)
  2 orc wizards
  424 foxfires
  48 fungi
  139 plants
621 creatures vanquished.

Grand Total: 1592 creatures vanquished

Notes
Turn   | Place    | Note
-------+----------+-------------------------------------------
     0 | D:1      | ParallaxScroll the Merfolk Transmuter began the quest for
                  | the Orb.
     0 | D:1      | Reached XP level 1. HP: 15/15 MP: 3/3
   272 | D:1      | Found Atefea Qikh's Assorted Antiques.
   281 | D:1      | Reached XP level 2. HP: 13/21 MP: 3/5
   320 | D:1      | Bought a bubbling yellow potion for 22 gold pieces
   345 | D:1      | Found Xess's Magic Scroll Shop.
   396 | D:1      | Learned a level 2 spell: Wereblood
   488 | D:1      | Found Ludduo's Antique Armour Shoppe.
   611 | D:1      | Found a faded altar of an unknown god.
   620 | D:1      | Prayed at the altar of an unknown god.
   620 | D:1      | Became a worshipper of Dithmenos the Shadowed
   620 | D:1      | Reached * piety under Dithmenos
   721 | D:1      | Found Eprocek's Assorted Antiques.
  1152 | D:2      | Reached XP level 3. HP: 22/26 MP: 2/6
  1233 | D:1      | Bought a dark potion for 22 gold pieces
  1400 | D:1      | Bought a bubbling grey potion for 23 gold pieces
  1516 | D:1      | Bought a fizzy pink potion for 23 gold pieces
  1956 | D:1      | Bought a fuming pink potion for 23 gold pieces
  2113 | D:3      | Reached XP level 4. HP: 25/32 MP: 5/7
  2218 | D:3      | Found a transporter.
  2218 | D:3      | Noticed Iich's ghost (amateur DsFi)
  2275 | D:1      | Bought a purple potion for 23 gold pieces
  2320 | D:3      | Reached skill level 5 in Transmutations
  2467 | D:1      | Bought a scroll labelled SEISHY JOXKU for 25 gold pieces
  2696 | D:1      | Bought a scroll labelled WOZA VAUCKANODDE for 25 gold
                  | pieces
  2807 | D:3      | Found a transporter.
  3554 | D:1      | Bought a scroll of identify for 26 gold pieces
  3773 | D:4      | Noticed a scorpion
  3920 | D:4      | Reached skill level 1 in Armour
  4028 | D:4      | Reached ** piety under Dithmenos
  4378 | D:5      | Entered Level 5 of the Dungeon
  4536 | D:5      | Noticed a scorpion
  4547 | D:5      | Killed a scorpion
  4548 | D:5      | Reached XP level 5. HP: 38/38 MP: 8/8
  4639 | D:5      | Reached XP level 6. HP: 42/44 MP: 9/9
  5032 | D:5      | Identified 2 scrolls of acquirement
  5032 | D:5      | Acquired 756 gold pieces
  5034 | D:5      | Acquired a ring of poison resistance
  5192 | D:1      | Bought a scroll of immolation for 52 gold pieces
  5192 | D:1      | Bought a scroll of poison for 52 gold pieces
  5192 | D:1      | Bought a scroll of fear for 52 gold pieces
  5192 | D:1      | Bought a scroll of enchant weapon for 97 gold pieces
  5192 | D:1      | Bought a scroll of identify for 26 gold pieces
  5192 | D:1      | Bought a scroll of identify for 26 gold pieces
  5192 | D:1      | Bought a scroll of identify for 26 gold pieces
  5224 | D:1      | Bought a pair of gloves for 85 gold pieces
  5229 | D:1      | Bought a runed robe for 70 gold pieces
  5342 | D:4      | Reached skill level 1 in Stealth
  5926 | D:5      | Reached skill level 1 in Throwing
  6395 | D:5      | Reached skill level 5 in Polearms
  6395 | D:5      | Reached XP level 7. HP: 37/52 MP: 10/10
  6554 | D:6      | Noticed Blork the orc
  7310 | D:6      | Reached skill level 5 in Dodging
  7502 | D:6      | Found Jienkun's Weapon Emporium.
  7570 | D:6      | Found a staircase to the Ecumenical Temple.
  7633 | D:6      | Killed Blork the orc
  7634 | D:6      | Reached XP level 8. HP: 41/61 MP: 11/11
  7795 | D:6      | Reached skill level 5 in Fighting
  7820 | D:6      | Noticed Sigmund
  7826 | D:6      | Killed Sigmund
  7827 | D:6      | Reached skill level 1 in Evocations
  7827 | D:6      | Reached skill level 1 in Axes
  8090 | D:6      | Found a blossoming altar of Fedhas.
  8600 | D:7      | Noticed Dowan
  8607 | D:7      | Killed Dowan
  8609 | D:7      | Noticed Duvessa
  8623 | D:7      | Killed Duvessa
  8624 | D:7      | Reached XP level 9. HP: 29/68 MP: 12/12
  8776 | D:7      | Noticed Prince Ribbit
  8791 | D:7      | Killed Prince Ribbit
  8877 | D:7      | Reached *** piety under Dithmenos
  9173 | D:7      | Found a snail-covered altar of Cheibriados.
  9173 | D:7      | Found a shimmering blue altar of Sif Muna.
  9573 | D:8      | Noticed a hornet
  9762 | D:8      | Noticed a tengu warrior
  9861 | D:7      | Reached skill level 10 in Polearms
  9911 | D:8      | Noticed a gargoyle
  9987 | D:8      | Noticed a centaur warrior
 10357 | D:8      | Killed a hornet
 10557 | D:8      | Reached XP level 10. HP: 28/74 MP: 13/13
 10726 | D:8      | Noticed a boulder beetle
 10821 | D:9      | Noticed Joseph
 10833 | D:9      | Killed Joseph
 11002 | D:9      | Noticed a two-headed ogre
 11013 | D:9      | Killed a two-headed ogre
 11195 | D:9      | Reached **** piety under Dithmenos
 11444 | D:9      | Identified the +6 whip of Integrity {flame, *Noise rElec
                  | rPois rF+++}
 11799 | D:9      | Found a staircase to the Lair.
 12089 | D:9      | You fall into a shaft and drop 2 floors!
 12097 | D:11     | Noticed Lodul
 12109 | D:11     | Noticed a kobold demonologist
 12127 | D:11     | Killed a kobold demonologist
 12139 | D:11     | Noticed a two-headed ogre
 12151 | D:11     | Killed a two-headed ogre
 12152 | D:11     | Reached skill level 15 in Polearms
 12152 | D:11     | Reached XP level 11. HP: 46/80 MP: 14/14
 12160 | D:10     | Entered Level 10 of the Dungeon
 12511 | Lair:1   | Entered Level 1 of the Lair of Beasts
 13046 | Lair:1   | Reached skill level 5 in Throwing
 13415 | Lair:2   | Noticed a death yak
 13491 | Lair:2   | Reached skill level 5 in Evocations
 14149 | Lair:3   | Found a staircase to the Shoals.
 14538 | Lair:3   | Reached XP level 12. HP: 91/91 MP: 15/15
 14667 | Lair:3   | Reached ***** piety under Dithmenos
 14864 | Lair:3   | Reached skill level 10 in Dodging
 16494 | Lair:4   | Noticed a five-headed hydra
 16504 | Lair:4   | Killed a five-headed hydra
 17161 | Lair:5   | Entered Level 5 of the Lair of Beasts
 17401 | Lair:5   | Noticed a boulder beetle
 17506 | Lair:5   | Reached XP level 13. HP: 77/99 MP: 12/16
 17930 | Lair:5   | Noticed bmack86's ghost (journeyman MiFi)
 18587 | Lair:5   | Reached skill level 1 in Shields
 18926 | Lair:5   | Found a staircase to the Slime Pits.
 18952 | Lair:5   | Found a runed translucent gate.
 18979 | Lair:5   | Found a runed translucent gate.
 18979 | Lair:5   | Found a runed translucent gate.
 19279 | Lair:5   | Learned a level 3 spell: Spider Form
 19363 | Lair:5   | Reached skill level 5 in Shields
 19373 | Lair:5   | Reached skill level 1 in Poison Magic
 19991 | Lair:5   | Reached skill level 5 in Poison Magic
 20098 | Lair:5   | Reached ****** piety under Dithmenos
 20099 | Lair:5   | Reached skill level 1 in Maces & Flails
 20099 | Lair:5   | Reached skill level 5 in Unarmed Combat
 20869 | Lair:4   | Reached XP level 14. HP: 104/108 MP: 14/18
 21083 | D:10     | Reached skill level 1 in Fire Magic
 21307 | D:10     | Learned a level 3 spell: Ignite Poison
 21417 | D:10     | Found a sacrificial altar of Ru.
 21677 | D:10     | Found Urootisk's Distillery.
 22113 | D:11     | Noticed Snorg
 22123 | D:11     | Killed Snorg
 22305 | D:11     | Killed Lodul
 22736 | D:11     | Identified the +4 war axe "Tasaumu" {elec, rF+}
 23003 | D:12     | Reached skill level 5 in Armour
 23278 | D:12     | Reached skill level 1 in Translocations
 23691 | D:12     | Found a staircase to the Orcish Mines.
 23829 | D:13     | Found Suycyclu's Book Shop.
 24171 | D:12     | Learned a level 2 spell: Blink
 24286 | D:11     | Noticed Josephine
 24308 | D:11     | Killed Josephine
 25482 | D:8      | Reached skill level 5 in Translocations
 25684 | D:3      | Killed Iich's ghost
 26149 | Orc:1    | Entered Level 1 of the Orcish Mines
 26825 | Orc:2    | Entered Level 2 of the Orcish Mines
 26904 | D:13     | Reached XP level 15. HP: 113/113 MP: 18/20
 27036 | D:13     | Bought the Catalogue of the Snake for 280 gold pieces
 27246 | D:13     | Found a gate to the Vaults.
 27441 | D:14     | Reached skill level 10 in Fighting
 27602 | D:14     | Noticed Louise
 28180 | D:14     | Learned a level 4 spell: Olgreb's Toxic Radiance
 28526 | Shoals:1 | Entered Level 1 of the Shoals
 29130 | Shoals:1 | Reached skill level 10 in Poison Magic
 30846 | Shoals:2 | Noticed Frances
 30862 | Shoals:2 | Killed Frances
 31242 | Shoals:2 | Noticed Nikola
 31265 | Shoals:2 | Killed Nikola
 31404 | Shoals:1 | Upgraded the game from 0.30-a0-632-g346586fe48 to
                  | 0.30-a0-634-g8abc85282e
 31769 | Shoals:2 | Reached XP level 16. HP: 112/125 MP: 22/22
 32014 | Shoals:2 | Identified the ring of Zin's Hope {rF- rC+ rCorr Str+4
                  | Dex+6}
 33114 | Shoals:3 | Reached skill level 15 in Dodging
 33478 | Shoals:3 | Noticed a kraken
 34009 | Shoals:3 | Found Baiget's Weapon Emporium.
 34121 | Shoals:3 | Reached skill level 1 in Conjurations
 34121 | Shoals:3 | Reached skill level 1 in Air Magic
 34424 | Shoals:4 | Entered Level 4 of the Shoals
 34916 | Lair:2   | Found a hole to the Spider Nest.
 35389 | Lair:2   | Learned a level 3 spell: Mephitic Cloud
 35820 | Lair:2   | Found a hole to the Spider Nest.
 36217 | Spider:1 | Entered Level 1 of the Spider Nest
 36217 | Spider:1 | Noticed Kirke
 36611 | D:14     | Learned a level 1 spell: Foxfire
 36700 | D:14     | Reached skill level 1 in Invocations
 36817 | D:15     | Entered Level 15 of the Dungeon
 37371 | D:15     | Reached skill level 5 in Invocations
 37860 | D:15     | Found a staircase to the Depths.
 38845 | Shoals:4 | Reached XP level 17. HP: 125/131 MP: 11/23
 38989 | Shoals:4 | Noticed Mlioglotl
 39041 | Shoals:4 | Killed Mlioglotl
 41327 | Shoals:4 | Found the +6 lightning scales {swift, rElec}
 41863 | Shoals:4 | Got a barnacled rune of Zot
 43129 | Shoals:4 | Got the Atlas of the Baneful Salamander
 43350 | Shoals:4 | Identified the amulet of Zeton {Faith Will+ Str-5 Int+2}
 43374 | Shoals:4 | Identified the +0 leather armour of Atuinew {rElec Str+4}
 44299 | Lair:3   | Acquired 692 gold pieces
 44615 | Orc:2    | Found Luelosal's Mass Market.
 44660 | Orc:2    | Found Jiuschoq's Jewellery Shoppe.
 45960 | Orc:2    | Found a staircase to the Elven Halls.
 46244 | Orc:2    | Reached skill level 5 in Conjurations
 46342 | Orc:2    | Found Nuliq's Weapon Shop.
 46342 | Orc:2    | Found Luhauq's Assorted Antiques.
 46344 | Orc:2    | Found Daidin's Jewellery Shop.
 46344 | Orc:2    | Found Cebreth's Magic Scroll Shoppe.
 46355 | Orc:2    | Bought a potion of heal wounds for 100 gold pieces
 46355 | Orc:2    | Bought a scroll of teleportation for 60 gold pieces
 46357 | Orc:2    | Bought a scroll of blinking for 105 gold pieces
 46357 | Orc:2    | Bought a scroll of blinking for 105 gold pieces
 46357 | Orc:2    | Bought a scroll of fog for 56 gold pieces
 46489 | Orc:2    | Bought a ring of willpower for 375 gold pieces
 46730 | Spider:1 | Killed Kirke
 46731 | Spider:1 | Reached skill level 10 in Transmutations
 47457 | Spider:1 | Upgraded the game from 0.30-a0-634-g8abc85282e to
                  | 0.30-a0-639-g3916f1956a
 47651 | Spider:1 | You fall into a shaft and drop 1 floor!
 48308 | Spider:1 | Noticed Rupert
 48766 | Spider:1 | Killed Rupert
 49682 | Spider:2 | Reached XP level 18. HP: 135/140 MP: 20/24
 51854 | Spider:3 | Identified the +9 dagger "Mooguabb" {venom, rPois Stlth+}
 52454 | D:1      | Bought a lightning rod (4/4) for 780 gold pieces
 52487 | D:1      | Bought a tin of tremorstones (2/2) for 1000 gold pieces
 53148 | Spider:4 | Entered Level 4 of the Spider Nest
 53347 | Spider:4 | Noticed Arachne
 53376 | Spider:4 | Killed Arachne
 53392 | Spider:4 | Killed from afar by a jorogumo

Illustrated notes

Levels and vault maps discovered:
D:1:      scummos_arrival_simple_crosswalls, layout_loops_ring, serial_shops,
          nicolae_square_shop, nicolae_shop_competitors_out_of_business,
          nicolae_shop_stone, nicolae_shop_hallway_plus,
          shapermc_ecumenical_altar_petra, minmay_tree_intersection
D:2:      layout_rooms, minmay_tetromino_t4
D:3:      layout_basic, gammafunk_ghost_mausoleum
D:4:      layout_rooms
D:5:      layout_gridville, nicolae_grassy_gnolls
D:6:      layout_loops_ring, kennysheep_mini_moat, minmay_temple_entry_ruins,
          serial_shops, nicolae_shop_statue_plus,
          chequers_serial_rivers_micro_a, kennysheep_flooded_box, uniq_sigmund,
          uniq_blork_the_orc
D:7:      layout_gridville, gammafunk_temple_overflow_pools,
          uniq_prince_ribbit1, uniq_duvessa
D:8:      minmay_bloctagon_deflated, layout_rooms
D:9:      layout_irregular_city, hellmonk_lair_entry_icy, uniq_joseph
D:10:     layout_gridville, mainiacjoe_overflow_24_doors, serial_shops,
          nicolae_take_the_stairs, enter_bailey_7, minmay_misc_feat_nine_boxes,
          minmay_hedge_maze
D:11:     layout_grid_maze, uniq_josephine, uniq_lodul, uniq_snorg
D:12:     layout_roguey, hiddenorc1_lemuel, nzn_sisyphean_effort
D:13:     layout_cave_pools, david_vaults_2, serial_shops, shop_fountains
D:14:     layout_loops_ring, lightli_wizard_tower, uniq_louise
D:15:     hangedman_depths_entry_try_elsewhere_first, layout_basic,
          serial_bayou_pond_c
Lair:1:   layout_roguey, infiniplex_staircase_pool_2, lemuel_fruit_fields,
          grunt_megastairs_5, lemuel_fruit_fields, serial_bayou_shore_b
Lair:2:   layout_gridlike, nicolae_spider_entry_orb_guardian,
          guppyfry_lair_drakes
Lair:3:   lemuel_slime, layout_hall_layers, elwin_shoals_entry_rocks,
          wad_woods_06
Lair:4:   nzn_winding_woodlands_small [nzn_winding_woodlands_5x15_crooked,
          nzn_winding_woodlands_center_garden,
          nzn_winding_woodlands_5x15_parted], layout_small_grid
Lair:5:   minmay_lair_end_enchanted_forest, layout_cave_pods,
          minmay_slime_entry_eyes, gammafunk_ghost_icy, serial_bayou_shore_a
Shoals:1: layout_shoals
Shoals:2: layout_shoals, uniq_nikola, uniq_frances
Shoals:3: layout_shoals, serial_shops, shop
Shoals:4: shoals_end_grunt_ice, layout_shoals, uniq_mlioglotl
Spider:1: layout_spider_delve, uniq_kirke, uniq_rupert
Spider:2: layout_spider_delve
Spider:3: nicolae_spider_mines_2
Spider:4: johnstein_spider_rune_arachne_lair,
          portal_ice_cave_entry_ice_statue_two, spiders_nest_hornet_nest
Orc:1:    layout_caves, elves_outpost_lemuel
Orc:2:    grunt_orc_tribal_feast, layout_caves, serial_shops, shop,
          minmay_shop_mass

Skill      XL: |  1  2  3  4  5  6  7  8  9 10 11 12 13 14 15 16 17 18 |
---------------+-------------------------------------------------------+-----
Transmutations | 3 4 5 6 7 9 10 11 | 11.0
Armour         | 1 2 4 6 |  6.4
Fighting       | 2 3 4 5 7 8 9 11 13 | 13.0
Polearms       | 2 4 5 6 10 15 | 15.9
Dodging        | 4 5 6 8 9 11 12 13 15 | 15.9
Stealth        | 1 2 4 |  4.0
Throwing       | 1 2 3 6 7 9 |  9.0
Evocations     | 2 5 7 8 |  8.0
Axes           | 3 |  3.9
Spellcasting   | 3 4 |  4.2
Shields        | 5 7 |  7.0
Poison Magic   | 5 7 11 | 11.0
Unarmed Combat | 5 |  5.0
Maces & Flails | 2 |  2.0
Fire Magic     | 3 4 |  4.0
Translocations | 5 6 |  6.0
Conjurations   | 3 5 |  5.0
Air Magic      | 3 4 |  4.0
Invocations    | 7 9 |  9.0
Ranged Weapons | |  0.8

Action                   |  1- 3 |  4- 6 |  7- 9 | 10-12 | 13-15 | 16-18 || total
-------------------------+-------+-------+-------+-------+-------+-------++-------
Melee: Unarmed           |   102 |    88 |       |       |       |       ||   190
       Headbutt          |    18 |    20 |    41 |    89 |   227 |   207 ||   602
       Punch             |     1 |     2 |     3 |     7 |     1 |       ||    14
       Trident           |       |    56 |   140 |   231 |  1060 |   447 ||  1934
       Halberd           |       |       |   106 |   260 |   127 |       ||   493
       Whip              |       |       |       |       |    39 |       ||    39
       Tailslap          |       |       |       |       |     9 |    34 ||    43
       Demon trident     |       |       |       |       |       |   671 ||   671
       Glaive            |       |       |       |       |       |    26 ||    26
       Spear             |       |       |       |       |       |     4 ||     4
 Fire: Shortbow          |       |       |       |     3 |       |       ||     3
Throw: Stone             |     6 |    10 |       |       |       |       ||    16
       Javelin           |       |     2 |     6 |     4 |    17 |    27 ||    56
       Boomerang         |       |     4 |    36 |    94 |    66 |   145 ||   345
       Throwing net      |       |       |     2 |       |     2 |     4 ||     8
       Dart              |       |       |     3 |    70 |    90 |    59 ||   222
 Cast: Beastly Appendage |    31 |    31 |    47 |    60 |   125 |    91 ||   385
       Wereblood         |    13 |    21 |    37 |    35 |   119 |    87 ||   312
       Olgreb's Toxic Ra |       |       |       |       |    48 |   134 ||   182
       Foxfire           |       |       |       |       |       |   236 ||   236
       Mephitic Cloud    |       |       |       |       |       |    47 ||    47
       Ignite Poison     |       |       |       |       |       |    13 ||    13
       Blink             |       |       |       |       |       |     4 ||     4
Evoke: Wand              |       |       |    15 |    20 |    30 |    30 ||    95
       Condenser vane    |       |       |       |     1 |     5 |     5 ||    11
       Phantom mirror    |       |       |       |     1 |     4 |     5 ||    10
       Lightning rod     |       |       |       |       |       |     1 ||     1
  Use: Scroll            |       |    17 |     8 |    12 |     9 |    10 ||    56
       Potion            |       |     4 |     3 |       |     2 |     8 ||    17
 Stab: Sleeping          |     1 |       |     2 |     2 |     4 |     5 ||    14
       Paralysed         |       |       |       |       |     2 |       ||     2
       Distracted        |       |       |       |       |     1 |     4 ||     5
       Held in net/web   |       |       |       |       |     1 |     3 ||     4
       Confused          |       |       |       |       |       |    15 ||    15
       Invisible         |       |       |       |       |       |     2 ||     2
Armor: Robe              |     6 |     1 |    50 |    24 |       |    25 ||   106
       Leather armour    |     2 |    14 |       |       |       |       ||    16
       Skin              |       |     9 |       |       |       |       ||     9
       Acid dragon scale |       |       |       |    40 |    87 |   147 ||   274
       Ring mail         |       |       |       |       |    63 |    57 ||   120
Dodge: Dodged            |    67 |    75 |   172 |   206 |   489 |   710 ||  1719
Block: Buckler           |       |       |       |       |   285 |   426 ||   711
       Reflection        |       |       |       |       |    31 |    15 ||    46
       Other             |       |       |       |       |       |     9 ||     9

Table legend: (Time is in decaauts)
 A = Elapsed time spent in this place.
 B = Non-inter-level travel time spent in this place.
 C = Inter-level travel time spent in this place.
 D = Time resting spent in this place.
 E = Time spent auto-exploring this place.
 F = Levels seen in this place.
 G = Mean time per level.
                   A        B        C        D        E       F      G
               +--------+--------+--------+--------+--------+-----+--------+
         Total |  51243 |  39047 |  12196 |  12239 |  18188 |  30 | 1708.1 |
       Dungeon |  22627 |  16346 |   6281 |   3839 |   8956 |  15 | 1508.5 |
          Lair |  11098 |   8931 |   2167 |   2149 |   4932 |   5 | 2219.6 |
        Shoals |  10264 |   8170 |   2094 |   4281 |   2108 |   4 | 2566.0 |
   Spider Nest |   5888 |   4418 |   1470 |   1863 |   1513 |   4 | 1472.0 |
  Orcish Mines |   1364 |   1180 |    184 |    105 |    678 |   2 |  682.0 |
               +--------+--------+--------+--------+--------+-----+--------+

Top non-repeatable levels by time:
  Lair:5: 3534 daAuts
Shoals:3: 3344 daAuts
Shoals:4: 3051 daAuts
Spider:1: 2543 daAuts
     D:5: 2488 daAuts
Shoals:1: 2402 daAuts
  Lair:2: 2290 daAuts
  Lair:3: 2068 daAuts
     D:9: 2064 daAuts
  Lair:4: 2020 daAuts
Spider:2: 1988 daAuts
    D:12: 1988 daAuts
     D:7: 1927 daAuts
     D:3: 1857 daAuts
    D:11: 1808 daAuts
